 Dungeon Crawl Stone Soup version 0.27-a0-1384-g1422d76b99 (webtiles) character file.

Game seed: 12297336897192195739

40030 night the Fighter (level 14, -2/101 HPs)
             Began as an Octopode Venom Mage on June 30, 2021.
             Was an Initiate of Gozag.
             Killed from afar by a fire dragon (32 damage)
             ... with a blast of flame
             ... on level 5 of the Lair of Beasts.
             The game lasted 01:02:06 (21481 turns).

night the Fighter (Octopode Venom Mage)            Turns: 21481, Time: 01:02:07

Health: -2/101     AC:  8    Str:  8    XL:     14   Next: 9%
Magic:  15/28      EV: 20    Int: 31    God:    Gozag
Gold:   3999       SH: 13    Dex: 25    Spells: 9/34 levels left

rFire    . . .     SeeInvis +   B - +5 long sword of the Howling Augurer {freeze, Int+2}
rCold    . . .     Faith    .   u - +2 buckler
rNeg     . . .     Spirit   .   J - +3 crown of Dyrovepreva {rElec Int+2 SInv}
rPois    .         Reflect  +   e - amulet of reflection
rElec    +         Harm     .   m - +6 ring of dexterity
rCorr    .         Rampage  .   r - +4 ring of evasion
Will     +....                  z - +6 ring of intelligence
Stlth    ++++......             E - +6 ring of dexterity
HPRegen  0.26/turn              U - ring of flight
MPRegen  0.21/turn              V - +4 ring of protection
                                Z - ring of wizardry
                                (no ring)

@: on berserk cooldown, flying, slowed, very slow
A: almost no armour, amphibious, 8 rings, camouflage 1, gelatinous body 1,
(nimble swimmer 1), tentacles, sense surroundings 2
a: Renounce Religion, Potion Petition, Call Merchant, Bribe Branch


You were on level 5 of the Lair of Beasts.
You worshipped Gozag.
Gozag was most pleased with you.
You visited 4 branches of the dungeon, and saw 17 of its levels.

You collected 4977 gold pieces.
You spent 911 gold pieces at shops.
You paid 67 gold pieces to Gozag.

Inventory:

Hand Weapons
 b - a +0 dagger
 l - a +1 morningstar
 o - a +0 hunting sling
 A - a +0 scimitar
 B - the +5 long sword of the Howling Augurer (weapon) {freeze, Int+2}
   (You found it on level 6 of the Dungeon)

   It has been specially enchanted to freeze those struck by it, causing extra
   injury to most foes and up to half again as much damage against particularly
   susceptible opponents.
   It can also slow down cold-blooded creatures.
   Int:       It affects your intelligence (+2).
 F - the +5 falchion "Giff" {flame, rCorr}
   (You found it on level 7 of the Dungeon)

   It has been specially enchanted to burn those struck by it, causing extra
   injury to most foes and up to half again as much damage against particularly
   susceptible opponents.
   Big, fiery blades are also staple armaments of hydra-hunters.
   rCorr:     It protects you from acid and corrosion.
 Q - a +4 scimitar of venom
Missiles
 f - 259 arrows
 h - 329 stones
 i - 76 sling bullets
 n - 44 poisoned darts (quivered)
 q - 76 bolts
 G - 15 boomerangs
 K - a throwing net
 L - 8 atropa-tipped darts
 S - 6 javelins
Armour
 u - a +2 buckler (worn)
 J - the +3 crown of Dyrovepreva (worn) {rElec Int+2 SInv}
   (You bought it in a shop on level 2 of the Orcish Mines)

   Int:       It affects your intelligence (+2).
   rElec:     It insulates you from electricity.
   SInv:      It lets you see invisible.
Magical Staves
 a - a staff of poison
 x - a staff of conjuration
Jewellery
 e - an amulet of reflection (around mantle)
 m - a +6 ring of dexterity (left tentacle)
 r - a +4 ring of evasion (right tentacle)
 z - a +6 ring of intelligence (on tentacle)
 E - a +6 ring of dexterity (on tentacle)
 U - a ring of flight (on tentacle)
 V - a +4 ring of protection (on tentacle)
 Z - a ring of wizardry (on tentacle)
Wands
 y - a wand of polymorph (12)
 T - a wand of paralysis (9)
 W - a wand of acid (8)
 X - a wand of iceblast (15)
Scrolls
 p - 4 scrolls of magic mapping
 t - a scroll of fear
 D - 4 scrolls of teleportation
 M - 2 scrolls of blinking
 O - 3 scrolls of amnesia
 R - 5 scrolls of identify
 Y - 2 scrolls of brand weapon
Potions
 c - 4 potions of haste
 d - 3 potions of might
 g - 4 potions of curing
 j - 2 potions of resistance
 k - 9 potions of heal wounds
 v - a potion of attraction
 w - 2 potions of flight
 H - 3 potions of lignification
 I - 4 potions of degeneration
 N - 4 potions of ambrosia
 P - a potion of brilliance


   Skills:
 + Level 11.6 Fighting
 + Level 10.0 Long Blades
 + Level 4.6 Dodging
 - Level 2.6 Stealth
 - Level 4.0 Shields
 + Level 10.9 Spellcasting
 - Level 4.0 Conjurations
 - Level 1.0 Transmutations
 + Level 10.1 Earth Magic
 - Level 10.0 Poison Magic


You had 9 spell levels left.
You knew the following spells:

 Your Spells              Type           Power      Damage    Failure   Level
a - Sting                 Tmut/Pois      100%       1d8       1%          1
b - Poisonous Vapours     Pois/Air       94%        N/A       1%          2
c - Ignite Poison         Fire/Tmut/Pois 39%        N/A       1%          3
d - Olgreb's Toxic Radia  Pois           68%        N/A       1%          4
e - Mephitic Cloud        Conj/Pois/Air  45%        N/A       1%          3
f - Stone Arrow           Conj/Erth      100%       3d13      1%          3
g - Petrify               Tmut/Erth      51%        N/A       1%          4
h - Lee's Rapid Deconstr  Erth           34%        3d18*     1%          5

Your spell library contained the following spells:

 Spells                   Type           Power      Damage    Failure   Level
 Foxfire                  Conj/Fire      100%       2x1d9     1%          1
 Sandblast                Erth           100%       2d20      1%          1
 Shock                    Conj/Air       100%       1d9       1%          1
 Passwall                 Tmut/Erth      42%        N/A       1%          2
 Static Discharge         Conj/Air       29%        N/A       1%          2
 Conjure Flame            Conj/Fire      29%        6-21      1%          3
 Confusing Touch          Hex            16%        N/A       3%          3
 Gell's Gravitas          Tloc           8%         N/A       3%          3
 Inner Flame              Hex/Fire       16%        N/A       3%          3
 Swiftness                Air            16%        N/A       3%          3
 Sticky Flame             Conj/Fire      29%        2d5       5%          4
 Airstrike                Air            8%         N/A       12%         4
 Fireball                 Conj/Fire      14%        3d8       16%         5
 Lightning Bolt           Conj/Air       14%        1d28      16%         5
 Yara's Violent Unravell  Hex/Tmut       10%        3d6       26%         5
 Metabolic Englaciation   Hex/Ice        8%         N/A       32%         5


Dungeon Overview and Level Annotations

Branches:
Dungeon (9/15)             Temple (1/1) D:6            Lair (5/6) D:9
  Swamp (0/4) Lair:4        Snake (0/4) Lair:3        Slime (0/5) Lair:5
    Orc (2/2) D:9             Elf (0/3) Orc:2

Altars:
Ashenzari
Cheibriados
Dithmenos
Elyvilon
Fedhas
Gozag
Hepliaklqana
Kikubaaqudgha
Makhleb
Nemelex Xobeh
Okawaru
Qazlal
Ru
Sif Muna
Trog
Uskayaw
Vehumet
Wu Jian
Xom
Yredelemnul
Zin
The Shining One
Beogh

Shops:
D:9 :   Orc:2 (*[[


Innate Abilities, Weirdness & Mutations

You cannot wear most types of armour.
You are amphibious.
You can wear up to eight rings at the same time.
Your skin changes colour to match your surroundings (Stealth+).
Your rubbery body absorbs attacks. (AC +1, EV +1)
((You are camouflaged near water. (Stealth+)))
You have tentacles for arms and can constrict up to eight enemies at once.
You passively map the area around you.


Message History

The fire dragon is lightly wounded.
You slash the fire dragon! You freeze the fire dragon.
The fire dragon is lightly wounded.
The fire dragon breathes flames at you. The blast of flame hits you!!!
* * * LOW HITPOINT WARNING * * *
You slice the fire dragon!! You freeze the fire dragon.
You squeeze the fire dragon.
The fire dragon is heavily wounded.
You are no longer berserk.
You are exhausted.
You feel yourself slow down.
You hit the fire dragon but do no damage.
You squeeze the fire dragon, but do no damage.
The fire dragon is heavily wounded.
The fire dragon stops moving altogether!
The helpless fire dragon fails to defend itself.
You slash the fire dragon! You freeze the fire dragon.
The fire dragon is heavily wounded.
The helpless fire dragon fails to defend itself.
You slash the fire dragon! You freeze the fire dragon.
The fire dragon is heavily wounded.
The helpless fire dragon fails to defend itself.
You hit the fire dragon but do no damage.
The fire dragon is heavily wounded.
The helpless fire dragon fails to defend itself.
You hit the fire dragon but do no damage.
You squeeze the fire dragon, but do no damage.
The fire dragon is heavily wounded.
The helpless fire dragon fails to defend itself.
You slash the fire dragon! You freeze the fire dragon.
The fire dragon is severely wounded.
The helpless fire dragon fails to defend itself.
You hit the fire dragon. You squeeze the fire dragon.
The fire dragon is severely wounded.
The fire dragon is no longer petrified.
The fire dragon breathes flames at you. The blast of flame hits you!!
You die...
Your body crumbles into a pile of gold.

#≈§≈≈≈..≈#
#§§≈.....#
#§§......#
#........#
#.......##
##......# #
#......# ##
##.D..## #.
##@.## ##
#..# #.
##.# ##.
#.# #P.
#.## ###
#..# #..
##.# #P.
#.#
#########..
#.#
#.....##...


You could see a fire dragon (catching breath).

Vanquished Creatures
  An orc warlord (Orc:1)
  2 hydras
  A boulder beetle (Lair:2)
  A catoblepas (Lair:3)
  3 orc knights (Orc:1)
  A deep elf pyromancer (D:7)
  4 oklob plants
  8 orc sorcerers (Orc:2)
  A cyclops (Orc:2)
  4 black mambas
  A torpor snail (Lair:2)
  7 komodo dragons
  4 cane toads
  5 rime drakes (Lair:5)
  4 trolls
  A queen bee (Lair:2)
  A polar bear (Lair:5)
  4 blink frogs (Lair:2)
  A dream sheep (Lair:4)
  37 yaks
  4 basilisks
  13 wyverns
  A wraith (D:9)
  A steam dragon (D:9)
  8 wargs
  2 nagas (Lair:3)
  12 water moccasins
  A swamp drake (Lair:4)
  A hell hound (Lair:5)
  17 orc warriors
  3 sky beasts
  3 black bears
  3 necrophages
  17 wolves
  7 ogres
  6 centaurs
  A kobold brigand (D:8)
  9 bullfrogs
  A gnoll sergeant (D:8)
  3 scorpions
  A wyvern skeleton (D:7)
  40 killer bees
  4 wights
  3 electric eels
  4 howler monkeys (D:8)
  17 jellies
  8 hounds
  3 centaur skeletons
  A centaur zombie (D:6)
  A gnoll shaman (D:7)
  5 orc priests
  Crazy Yiuf (D:7)
  2 bullfrog skeletons
  Jessica (D:3)
  Terence (D:2)
  3 hell rats (Lair:5)
  5 iguanas
  36 orc wizards
  2 howler monkey zombies
  19 gnolls
  An adder (D:6)
  A howler monkey skeleton (D:6)
  2 shadow imps
  An ufetubus (D:5)
  3 adder skeletons (D:4)
  8 dart slugs (D:5)
  65 orcs
  10 ball pythons
  5 endoplasms
  A giant cockroach (D:3)
  7 goblins
  8 hobgoblins
  15 jackals
  6 bats
  2 frilled lizards
  10 kobolds
  4 rats
510 creatures vanquished.

Vanquished Creatures (collateral kills)
  A white imp (D:6)
1 creature vanquished.

Vanquished Creatures (others)
  15 fungi
  34 plants
49 creatures vanquished.

Grand Total: 560 creatures vanquished

Notes
Turn   | Place    | Note
-------+----------+-------------------------------------------
     0 | D:1      | night the Octopode Venom Mage began the quest for the Orb.
     0 | D:1      | Reached XP level 1. HP: 11/11 MP: 3/3
   324 | D:1      | Reached XP level 2. HP: 18/18 MP: 3/5
   558 | D:1      | Reached skill level 1 in Fighting
   864 | D:1      | Reached XP level 3. HP: 23/23 MP: 4/6
   868 | D:1      | Learned a level 3 spell: Mephitic Cloud
  1169 | D:1      | Learned a level 3 spell: Ignite Poison
  1245 | D:2      | Found a sparkling altar of Nemelex Xobeh.
  1295 | D:2      | Found a faded altar of an unknown god.
  1377 | D:2      | Noticed Terence
  1420 | D:2      | Killed Terence
  1421 | D:2      | Reached XP level 4. HP: 14/29 MP: 1/8
  2033 | D:3      | Noticed a scorpion
  2038 | D:3      | Killed a scorpion
  2039 | D:3      | Reached skill level 2 in Fighting
  2039 | D:3      | Reached XP level 5. HP: 25/35 MP: 1/9
  2249 | D:3      | Noticed Jessica
  2258 | D:3      | Killed Jessica
  2288 | D:3      | Reached skill level 5 in Poison Magic
  2569 | D:3      | Found a shimmering blue altar of Sif Muna.
  2976 | D:3      | You fall into a shaft and drop 2 floors!
  2976 | D:5      | Entered Level 5 of the Dungeon
  3461 | D:4      | Gained mutation: You passively map a small area around you.
                  | [potion of mutation]
  3461 | D:4      | Gained mutation: You passively map the area around you.
                  | [potion of mutation]
  3563 | D:4      | Noticed an ogre
  3579 | D:4      | Killed an ogre
  3580 | D:4      | Reached skill level 3 in Fighting
  3580 | D:4      | Reached XP level 6. HP: 32/42 MP: 7/11
  3785 | D:4      | Learned a level 2 spell: Poisonous Vapours
  3790 | D:4      | Learned a level 4 spell: Olgreb's Toxic Radiance
  3927 | D:4      | Found Mioreehy's Distillery.
  3935 | D:4      | Reached XP level 7. HP: 47/47 MP: 2/13
  4076 | D:4      | Reached skill level 4 in Fighting
  4575 | D:4      | Found a basalt altar of Yredelemnul.
  4632 | D:5      | Reached skill level 5 in Spellcasting
  4632 | D:5      | Reached XP level 8. HP: 47/54 MP: 10/15
  4813 | D:5      | Reached skill level 5 in Fighting
  5267 | D:5      | Reached skill level 1 in Shields
  5747 | D:6      | Learned a level 3 spell: Stone Arrow
  6126 | D:6      | Identified the +5 long sword of the Howling Augurer
                  | {freeze, Int+2}
  6214 | D:6      | Found a broken altar of Ashenzari.
  6370 | D:6      | Found a staircase to the Ecumenical Temple.
  6380 | Temple   | Entered the Ecumenical Temple
  6495 | Temple   | Became a worshipper of Gozag Ym Sagoz the Greedy
  6529 | D:6      | Reached skill level 2 in Shields
  6529 | D:6      | Reached skill level 1 in Conjurations
  6529 | D:6      | Reached skill level 1 in Earth Magic
  6605 | D:7      | Reached XP level 9. HP: 50/62 MP: 11/17
  6799 | D:7      | Reached skill level 6 in Fighting
  6799 | D:7      | Reached skill level 1 in Long Blades
  6889 | D:7      | Identified the +5 falchion "Giff" {flame, rCorr}
  6981 | D:7      | Found a runed translucent door.
  6982 | D:7      | Noticed Crazy Yiuf
  7047 | D:7      | Reached skill level 2 in Conjurations
  7047 | D:7      | Reached skill level 2 in Earth Magic
  7140 | D:7      | Noticed a deep elf pyromancer
  7145 | D:7      | Killed a deep elf pyromancer
  7146 | D:7      | Reached skill level 2 in Long Blades
  7347 | D:7      | Found a blossoming altar of Fedhas.
  7530 | D:7      | Killed Crazy Yiuf
  7784 | D:8      | Reached XP level 10. HP: 69/69 MP: 14/19
  7934 | D:8      | Found a bloodstained altar of Trog.
  8016 | D:8      | Found a hazy altar of Hepliaklqana.
  8179 | D:8      | Reached skill level 7 in Fighting
  8552 | D:9      | Found a staircase to the Orcish Mines.
  8552 | D:9      | Found Jyguron's Book Emporium.
  8577 | D:9      | Learned a level 4 spell: Petrify
  8583 | D:9      | Found a staircase to the Lair.
  8915 | D:9      | Found an iron altar of Okawaru.
  9452 | Orc:1    | Entered Level 1 of the Orcish Mines
  9454 | Orc:1    | Noticed an orc knight
  9457 | Orc:1    | Killed an orc knight
  9458 | Orc:1    | Reached XP level 11. HP: 76/76 MP: 7/22
  9680 | Orc:1    | Reached skill level 5 in Earth Magic
  9839 | Orc:2    | Entered Level 2 of the Orcish Mines
  9853 | Orc:2    | Reached skill level 10 in Poison Magic
  9993 | Orc:2    | Found a staircase to the Elven Halls.
 10118 | Orc:2    | Found Otesh's Armour Boutique.
 10166 | Orc:2    | Noticed a cyclops
 10174 | Orc:2    | Killed a cyclops
 10175 | Orc:2    | Reached skill level 8 in Fighting
 10175 | Orc:2    | Reached skill level 5 in Long Blades
 10454 | Orc:2    | Noticed an orc sorcerer
 10567 | Orc:2    | Killed an orc sorcerer
 10906 | Orc:2    | Noticed an orc sorcerer
 10907 | Orc:2    | Noticed an orc sorcerer
 10911 | Orc:2    | Killed an orc sorcerer
 10911 | Orc:2    | Killed an orc sorcerer
 11006 | Orc:2    | Learned a level 5 spell: Lee's Rapid Deconstruction
 11195 | Orc:2    | Noticed an orc sorcerer
 11218 | Orc:2    | Noticed a sixfirhy
 11219 | Orc:2    | Killed an orc sorcerer
 11261 | Orc:2    | Noticed an orc sorcerer
 11262 | Orc:2    | Paralysed by an orc sorcerer for 3 turns
 11267 | Orc:2    | Killed an orc sorcerer
 11414 | Orc:2    | Noticed an orc sorcerer
 11415 | Orc:2    | Noticed an orc sorcerer
 11420 | Orc:2    | Noticed a soul eater
 11420 | Orc:2    | Killed an orc sorcerer
 11420 | Orc:2    | Killed an orc sorcerer
 11432 | Orc:2    | Noticed an orc sorcerer
 11436 | Orc:2    | Killed an orc sorcerer
 11437 | Orc:2    | Reached skill level 9 in Fighting
 11586 | Orc:2    | Found Ped Wyt's Assorted Antiques.
 11586 | Orc:2    | Found Silef's Antique Weapon Shop.
 12123 | Orc:2    | Found Usaffoff's Assorted Antiques.
 12123 | Orc:2    | Found Fepsoj's Antique Armour Shop.
 12428 | Orc:1    | Noticed an orc knight
 12431 | Orc:1    | Noticed an orc knight
 12432 | Orc:1    | Reached XP level 12. HP: 85/85 MP: 15/24
 12434 | Orc:1    | Noticed an orc warlord
 12548 | Orc:1    | Killed an orc warlord
 12874 | Orc:2    | Bought the +3 crown of Dyrovepreva {rElec Int+2 SInv} for
                  | 869 gold pieces
 12874 | Orc:2    | Found the +3 crown of Dyrovepreva {rElec Int+2 SInv}
 12874 | Orc:2    | Bought a scroll of identify for 42 gold pieces
 12957 | Lair:1   | Entered Level 1 of the Lair of Beasts
 14003 | Lair:1   | Reached skill level 10 in Fighting
 14900 | Lair:2   | Reached XP level 13. HP: 92/93 MP: 18/26
 15010 | Lair:2   | Reached skill level 10 in Spellcasting
 16166 | Lair:2   | Identified the +10 flail of Kindness {flame, rC+}
 16703 | Lair:3   | Found a staircase to the Snake Pit.
 17267 | Lair:3   | Reached skill level 11 in Fighting
 18660 | Lair:4   | Found a staircase to the Swamp.
 19683 | Lair:5   | Found a staircase to the Slime Pits.
 20349 | Lair:5   | Noticed a fire dragon
 20725 | Lair:5   | Reached skill level 10 in Earth Magic
 20736 | Lair:5   | Reached XP level 14. HP: 101/101 MP: 3/28
 20971 | Lair:5   | Reached skill level 10 in Long Blades
 21481 | Lair:5   | Killed from afar by a fire dragon

Illustrated notes

Levels and vault maps discovered:
D:1:      sevenhm_arrival_forest_fort_small_5, layout_basic
D:2:      layout_loops_cross, basic_altar, shapermc_ecumenical_altar_gd,
          kennysheep_generic_room_13, uniq_terence
D:3:      layout_basic, lemuel_blue_sif_altar, uniq_jessica
D:4:      layout_rooms, lemuel_round_altar, serial_shops,
          nicolae_shop_statue_plus, moated_statue
D:5:      kennysheep_slugbush, layout_loops_ring
D:6:      layout_rooms, ashenzari_altar_1, minmay_temple_entry_gardened_gates
D:7:      layout_basic, fedhas_altar_fruit_tree, guppyfry_early_elven_hall,
          uniq_crazy_yiuf_cottage
D:8:      layout_gridville, lemuel_doored_altar, lemuel_round_altar
D:9:      layout_cave_pools, okawaru_altar_gauntlet_db, erik_lair_island,
          corexii_leaking_fountain, nicolae_stop_n_shop_2
Temple:   regret_index_temple_waves
Lair:1:   layout_regular_city, minivault_27, serial_bayou_shore_a
Lair:2:   layout_roguey, special_room [special_room_bee]
Lair:3:   layout_roguey, guppyfry_snake_entry_garden, minmay_holes,
          kennysheep_catoblepas_arena, infiniplex_staircase_pool,
          lemuel_fruit_fields
Lair:4:   layout_gridlike, minmay_swamp_entry_reptiles, serial_bayou_shore_b,
          minmay_lair_oklob_chamber
Lair:5:   dragon1_lemuel, layout_misc_corridors, minmay_slime_entry_jelly_boxes,
          special_room [special_room_mythical_zoo]
Orc:1:    layout_diamond_mine, special_room [special_room_orc]
Orc:2:    st_orc_town, layout_caves, serial_shops, nicolae_shop_waterfront

Skill      XL: |  1  2  3  4  5  6  7  8  9 10 11 12 13 14 |
---------------+-------------------------------------------+-----
Fighting       | 1 2 3 4 5 6 7 9 10 11 | 11.6
Poison Magic   | 4 5 6 7 8 9 10 | 10.0
Spellcasting   | 3 4 5 6 7 8 9 10 | 10.9
Shields        | 2 4 |  4.0
Conjurations   | 1 3 4 |  4.0
Earth Magic    | 1 3 4 6 8 10 | 10.1
Long Blades    | 3 4 6 8 9 10 | 10.0
Dodging        | 4 |  4.6
Stealth        | |  2.6
Transmutations | |  1.0

Action                   |  1- 3 |  4- 6 |  7- 9 | 10-12 | 13-15 || total
-------------------------+-------+-------+-------+-------+-------++-------
Melee: Unarmed           |     5 |       |       |       |       ||     5
       Constrict         |     7 |    14 |    35 |    35 |    22 ||   113
       Tentacles         |     3 |     8 |    42 |    55 |    67 ||   175
       Staff             |    13 |       |       |     4 |    10 ||    27
       Dagger            |     2 |    35 |    89 |       |       ||   126
       Long sword        |       |       |    42 |   142 |   150 ||   334
       Falchion          |       |       |       |    18 |    22 ||    40
Throw: Dart              |       |     2 |       |     5 |       ||     7
 Cast: Sting             |    47 |    48 |    16 |    23 |     3 ||   137
       Mephitic Cloud    |     1 |     1 |     4 |     3 |       ||     9
       Ignite Poison     |       |     2 |    12 |    48 |    31 ||    93
       Poisonous Vapours |       |     4 |    18 |    39 |    15 ||    76
       Olgreb's Toxic Ra |       |     1 |    16 |    51 |    20 ||    88
       Stone Arrow       |       |       |       |    15 |    16 ||    31
       Petrify           |       |       |       |     3 |    19 ||    22
       Lee's Rapid Decon |       |       |       |     2 |    18 ||    20
Evoke: Wand              |       |     5 |     2 |     3 |     4 ||    14
  Use: Scroll            |       |     8 |     9 |     7 |     4 ||    28
       Potion            |       |     1 |       |       |     1 ||     2
 Stab: Sleeping          |     2 |     6 |     6 |     3 |     8 ||    25
       Confused          |       |     1 |       |       |       ||     1
       Distracted        |       |     1 |     2 |     1 |     2 ||     6
       Petrified         |       |       |       |    10 |    33 ||    43
Armor: Skin              |     5 |     7 |     8 |     7 |    16 ||    43
Dodge: Dodged            |    33 |    34 |    88 |    91 |    68 ||   314
Block: Other             |     5 |     9 |     5 |       |       ||    19
       Reflection        |       |     1 |     6 |     5 |     3 ||    15
       Buckler           |       |       |    65 |   111 |    88 ||   264
       Rpst.: Long sword |       |       |     7 |    23 |     9 ||    39
       Falchion          |       |       |       |     3 |     4 ||     7

Table legend: (Time is in decaauts)
 A = Elapsed time spent in this place.
 B = Non-inter-level travel time spent in this place.
 C = Inter-level travel time spent in this place.
 D = Time resting spent in this place.
 E = Time spent auto-exploring this place.
 F = Levels seen in this place.
 G = Mean time per level.
                   A        B        C        D        E       F      G
               +--------+--------+--------+--------+--------+-----+--------+
         Total |  21518 |  20761 |    757 |   4954 |  12236 |  17 | 1265.8 |
       Dungeon |   9361 |   9114 |    247 |   1530 |   5863 |   9 | 1040.1 |
        Temple |    142 |     95 |     47 |      0 |     94 |   1 |  142.0 |
          Lair |   8511 |   8247 |    264 |   2500 |   4734 |   5 | 1702.2 |
  Orcish Mines |   3502 |   3303 |    199 |    924 |   1545 |   2 | 1751.0 |
               +--------+--------+--------+--------+--------+-----+--------+

Top non-repeatable levels by time:
   Orc:2: 1931 daAuts
  Lair:5: 1866 daAuts
  Lair:2: 1807 daAuts
  Lair:4: 1798 daAuts
   Orc:1: 1571 daAuts
  Lair:1: 1565 daAuts
  Lair:3: 1474 daAuts
     D:3: 1353 daAuts
     D:4: 1292 daAuts
     D:1: 1182 daAuts
     D:7: 1055 daAuts
     D:5: 971 daAuts
     D:9: 925 daAuts
     D:6: 890 daAuts
     D:2: 847 daAuts
